 Dungeon Crawl Stone Soup version 0.14-a0-2950-gbe29d66 (webtiles) character file.

1098 Kae the Basher (level 8, -3/67 HPs)
             Began as a Naga Gladiator on Mar 4, 2014.
             Was a Follower of Cheibriados.
             Slain by a centaur (7 damage)
             ... on Level 6 of the Dungeon.
             The game lasted 00:11:42 (7318 turns).

Kae the Basher (Naga Gladiator)                     Turns: 7318, Time: 00:11:43

HP  -3/67        AC 12     Str 22      XL: 8   Next:  7%
MP   8/8         EV  3     Int 11      God: Cheibriados [*.....]
Gold 202         SH  0     Dex 15      Spells:  0 memorised,  7 levels left

rFire  . . .     SeeInvis +     a - +0,+1 mace
rCold  . . .     Clarity  .     E - +1 orc plate armour
rNeg   . . .     Conserve .     (no shield)
rPois  +         rCorr    .     c - +0 helmet
rElec  .         rRot     .     j - +2 elf cloak {rPois}
SustAb . .       Spirit   .     (no gloves)
rMut   .         Warding  .     (no barding)
Saprov . . .     Stasis   .     (no amulet)
MR     +....                    p - cursed ring of hunger
                                l - cursed +2 ring of dexterity

@: short of breath, very slow, somewhat resistant to hostile enchantments,
extremely unstealthy
A: spit poison, claws 1, see invisible, deformed body, herbivore 1, poison
resistance, slowness 2, AC +2
a: Spit Poison, Bend Time, Renounce Religion


You were on level 6 of the Dungeon.
You worshipped Cheibriados.
Cheibriados was aware of your devotion.
You were not hungry.

You visited 2 branches of the dungeon, and saw 7 of its levels.

You collected 202 gold pieces.

Inventory:

Hand weapons
 a - a +0,+1 mace (weapon)
Missiles
 d - 3 throwing nets
 s - 7 tomahawks (quivered)
Armour
 c - a +0 helmet (worn)
 j - a +2 elven cloak of poison resistance (worn)
 n - a +0 orcish scale mail of cold resistance
 E - a +1 orcish plate armour (worn)
Magical devices
 e - a wand of fireball (4) {unknown}
 v - a wand of digging (10)
Comestibles
 b - a choko
 f - 4 bread rations
 g - 3 meat rations
 h - 8 sultanas
 r - a slice of pizza
Scrolls
 i - a scroll of immolation
 k - 2 scrolls of remove curse {unknown}
 o - 2 scrolls of amnesia
 q - a scroll of teleportation
 u - 2 scrolls of identify
 x - a scroll of enchant weapon II
Jewellery
 l - a cursed +2 ring of dexterity (left claw)
 p - a cursed ring of hunger (right claw)
Potions
 m - a potion of magic
 t - a potion of invisibility
 w - a potion of cure mutation {unknown}
 A - 4 potions of curing
 D - a potion of poison {unknown}
Books
 F - a Grand Grimoire {highlevel, unknown}

   This book is beyond your current level of understanding.

   Spells                             Type                      Level
   Demonic Horde                      Summoning                    6
   Mass Abjuration                    Summoning                    6
   Haunt                              Necromancy/Summoning         7
   Summon Greater Demon               Summoning                    7
   Malign Gateway                     Summoning/Translocation      7
   Summon Horrible Things             Summoning                    8


   Skills:
 - Level 2.0 Fighting
 + Level 9.4 Maces & Flails
 - Level 1.7 Throwing
 - Level 2.4 Dodging


You had 7 spell levels left.
You didn't know any spells.

Dungeon Overview and Level Annotations

Branches:
Dungeon (6/16)             Temple (1/1) D:5

Altars:
Ashenzari
Cheibriados
Dithmenos
Elyvilon
Fedhas
Kikubaaqudgha
Makhleb
Nemelex Xobeh
Okawaru
Sif Muna
Trog
Vehumet
Xom
Yredelemnul
Zin
The Shining One

Annotations:
D:4 Eustachio


Innate Abilities, Weirdness & Mutations

You cannot wear boots.
You can spit poison.
Your serpentine skin is tough (AC +2).
You have supernaturally acute eyesight.
Armour fits poorly on your strangely shaped body.
Your system is resistant to poisons.
You cover ground very slowly.
You have sharp fingernails.
You digest meat inefficiently.


Message History

The kobold shouts!
The centaur hits you but does no damage.
Use which ability? (? or * to list)
Press: ? - help, Shift-Dir - straight line, f - centaur
Aim: a centaur (lightly wounded)
The splash of poison hits the centaur.
The centaur is heavily wounded.
You feel slightly more hungry. The centaur hits you.
* * * LOW HITPOINT WARNING * * *
You barely miss the centaur.
The centaur is heavily wounded.
The centaur hits you but does no damage.
You hit the centaur.
The centaur is almost dead.
The centaur hits you but does no damage.
You barely miss the centaur.
The centaur is almost dead.
The centaur hits you but does no damage.
The centaur hits you!
You die...

....................[......
.......:...................
............................
............................
........(...................
.........(..................
......#..(K................
....?..#.#(c...............
......####@.........#......
.#..# #.(#..#.#...##.#####
### ################


You could see a centaur and a kobold.

Vanquished Creatures
  A sky beast (D:6)
  An ogre (D:4)
  A giant frog (D:6)
  2 orc priests
  2 iguanas
  Crazy Yiuf (D:5)
  5 orc wizards
  A worker ant (D:4)
  A worker ant zombie (D:6)
  A mummy (D:4)
  8 adders
  7 gnolls
  An orc skeleton (D:4)
  2 worms (D:5)
  2 giant mites (D:5)
  An adder skeleton (D:4)
  2 giant eyeballs
  6 giant geckos
  18 orcs
  2 ball pythons
  5 bats
  7 giant cockroaches
  15 hobgoblins
  11 jackals
  3 quokkas
  4 giant newts
  A giant spore (D:6)
  13 goblins
  4 kobolds
  A quokka zombie (D:5)
  14 rats
  3 ballistomycetes (D:6)
146 creatures vanquished.

Notes
Turn   | Place    | Note
--------------------------------------------------------------
     0 | D:1      | Kae, the Naga Gladiator, began the quest for the Orb.
     0 | D:1      | Reached XP level 1. HP: 19/19 MP: 1/1
   315 | D:1      | Reached XP level 2. HP: 24/26 MP: 2/2
   847 | D:2      | Reached skill level 4 in Maces & Flails
   923 | D:2      | Reached XP level 3. HP: 29/32 MP: 3/3
  1443 | D:3      | Reached XP level 4. HP: 32/39 MP: 4/4
  1487 | D:3      | Found a sparkling altar of Nemelex Xobeh.
  1669 | D:3      | Reached skill level 5 in Maces & Flails
  2401 | D:4      | Reached XP level 5. HP: 4/45 MP: 5/5
  2963 | D:3      | Reached skill level 6 in Maces & Flails
  3219 | D:3      | Reached XP level 6. HP: 21/52 MP: 6/6
  3870 | D:4      | Reached skill level 7 in Maces & Flails
  4045 | D:4      | Noticed an ogre
  4056 | D:4      | Killed an ogre
  4674 | D:4      | Reached XP level 7. HP: 57/60 MP: 7/7
  4708 | D:4      | Found a deep blue altar of Sif Muna.
  4754 | D:5      | Entered Level 5 of the Dungeon
  4757 | D:5      | Noticed Eustachio
  4775 | D:5      | Paralysed by a giant eyeball for 3 turns
  4955 | D:4      | HP: 3/60 [ufetubus[Eustachio] (4)]
  5342 | D:5      | Reached skill level 8 in Maces & Flails
  5980 | D:5      | Found a staircase to the Ecumenical Temple.
  5987 | D:5      | Paralysed by a giant eyeball for 2 turns
  5997 | Temple   | Entered the Ecumenical Temple
  6195 | Temple   | Became a worshipper of Cheibriados the Contemplative
  6324 | D:5      | Found a basalt altar of Yredelemnul.
  6347 | D:5      | Noticed Crazy Yiuf
  6353 | D:5      | Killed Crazy Yiuf
  6681 | D:6      | Paralysed by a giant eyeball for 3 turns
  6688 | D:6      | Paralysed by a giant eyeball for 2 turns
  6695 | D:6      | Paralysed by a giant eyeball for 3 turns
  6702 | D:6      | Paralysed by a giant eyeball for 4 turns
  6780 | D:6      | Gained mutation: You have sharp fingernails. [potion of mutation]
  6780 | D:6      | Gained mutation: You digest meat inefficiently. [potion of mutation]
  6908 | D:6      | Reached skill level 9 in Maces & Flails
  7003 | D:6      | Found an ancient bone altar of Kikubaaqudgha.
  7105 | D:6      | Reached XP level 8. HP: 50/67 MP: 8/8
  7315 | D:6      | HP: 3/67 [centaur (6)]
  7318 | D:6      | Slain by a centaur

Action                   |  1- 3 |  4- 6 |  7- 9 || total
-------------------------+-------+-------+-------++-------
Melee: Mace              |    95 |   244 |   335 ||   674
Throw: Tomahawk          |       |     3 |     2 ||     5
Invok: Bend Time         |       |       |     1 ||     1
 Abil: Spit Poison       |       |       |     2 ||     2
Evoke: Wand              |       |       |     1 ||     1
  Use: Scroll            |     4 |       |    10 ||    14
       Potion            |       |       |     4 ||     4
 Stab: Sleeping          |     1 |       |       ||     1
       Distracted        |       |     1 |       ||     1
